Map: Lightshade LE

Players

Serral - Winner!

  • Race: Zerg Zerg
  • Spawn Location: 11:00

DPGZest (Zest)

  • Race: Protoss Protoss
  • Spawn Location: 5:00

Event: StayAtHome Story Cup #3

VOD

Have the link to the VOD?

Description

Time

  • Played on: March 12, 2021, 9:06 a.m.
  • Length: 8:47

All games in this series

Show
View Real Time Build Order
Export as new Build Order

Serral Zerg - Winner!

Build Orders: Hatch First 

Get SALT Encoding   

  12  0:00  Drone  
  13  0:12  Overlord  
  13  0:17  Drone  
  14  0:31  Drone x2  
  16  0:50  Hatchery  
  16  0:52  Drone  
  16  0:55  Drone  
  17  0:59  Drone  
  18  1:10  Extractor  
  17  1:14  Spawning Pool  
  17  1:17  Drone  
  17  1:21  Drone  
  18  1:29  Drone  
  19  1:39  Drone  
  20  1:50  Overlord  
  20  2:01  Queen  
  20  2:04  Queen, Zergling x2  
  20  2:05  Zergling x2  
  26  2:11  Drone  
  26  2:13  Metabolic Boost  
  26  2:15  Drone  
  28  2:21  Drone  
  29  2:24  Drone  
  30  2:32  Drone  
  30  2:34  Drone  
  32  2:42  Hatchery  
  31  2:45  Drone  
  31  2:51  Queen  
  34  2:55  Overlord  
  34  2:57  Drone  
  35  3:06  Drone  
  36  3:15  Drone x2  
  36  3:16  Drone x4  
  42  3:20  Overlord  
  42  3:22  Queen  
  44  3:28  Overlord  
  44  3:33  Overlord  
  44  3:46  Drone  
  44  3:48  Drone  
  46  3:49  Drone  
  46  3:50  Queen  
  46  3:52  Drone x2, Spore Crawler x2  
  46  3:53  Drone x2  
  51  3:57  Queen  
  51  4:01  Drone x2  
  55  4:03  Drone  
  55  4:05  Zergling x2  
  55  4:08  Zergling x2  
  55  4:09  Overlord  
  58  4:10  Drone  
  58  4:15  Spore Crawler  
  58  4:16  Spore Crawler  
  57  4:19  Drone  
  57  4:20  Drone  
  59  4:25  Spore Crawler  
  59  4:26  Roach Warren  
  59  4:27  Drone x2  
  60  4:32  Extractor  
  60  4:33  Extractor  
  60  4:34  Overlord  
  59  4:39  Queen  
  59  4:42  Drone  
  59  4:43  Drone  
  65  4:46  Queen  
  65  4:47  Lair  
  65  4:49  Overlord  
  65  4:53  Zergling x6  
  65  4:56  Zergling x2  
  69  5:00  Overlord  
  69  5:07  Roach x4  
  69  5:12  Roach x2  
  69  5:13  Roach  
  83  5:17  Queen  
  85  5:22  Roach x2  
  89  5:28  Overlord  
  89  5:29  Overlord  
  89  5:31  Zergling x2  
  89  5:32  Zergling x4  
  92  5:36  Ravager, Roach  
  92  5:37  Ravager  
  92  5:40  Zergling x4  
  92  5:42  Overlord  
  98  5:45  Overlord  
  99  5:50  Ravager  
  99  5:51  Ravager  
  99  5:53  Zergling x10  
  103  6:01  Ravager  
  101  6:08  Zergling x14  
  101  6:09  Zergling x8  
  101  6:10  Ravager  
  108  6:13  Queen  
  105  6:26  Zergling x14  
  105  6:27  Ravager  
  105  6:31  Ravager  
  113  6:32  Zergling x2  
  113  6:33  Zergling x4  
  112  6:43  Queen x2  
  109  6:49  Queen  
  104  6:54  Hydralisk Den  
  99  7:09  Zergling x20  
  104  7:18  Queen x2  
  100  7:24  Zergling x2  
  100  7:25  Queen, Zergling x6  
  102  7:45  Drone x8  
  106  7:54  Queen x2  
  106  7:55  Drone  
  106  7:56  Drone x2  
  105  8:04  Queen  
  107  8:06  Drone x2  
  108  8:15  Drone x2  
  108  8:17  Drone  
  108  8:18  Drone x3  
  112  8:22  Extractor  
  112  8:23  Extractor  
  112  8:24  Evolution Chamber  
Show
View Real Time Build Order
Export as new Build Order

DPGZest Protoss 

Build Orders: 1 Gate Expand, Oracle Opening 

Get SALT Encoding   

  12  0:00  Probe  
  13  0:12  Probe  
  14  0:20  Pylon  
  14  0:24  Probe  
  15  0:38  Probe (Chrono Boost)  
  15  0:40  Gateway  
  16  0:48  Probe (Chrono Boost)  
  17  0:50  Assimilator  
  17  0:53  Probe (Chrono Boost)  
  18  1:04  Probe  
  19  1:17  Probe  
  20  1:25  Nexus  
  20  1:36  Cybernetics Core  
  20  1:39  Probe  
  21  1:47  Assimilator  
  21  1:51  Probe  
  22  1:54  Pylon  
  22  2:03  Probe (Chrono Boost)  
  23  2:12  Adept  
  23  2:15  Probe (Chrono Boost)  
  26  2:16  Stargate  
  26  2:20  Probe (Chrono Boost)  
  27  2:26  Warp Gate  
  27  2:32  Probe (Chrono Boost)  
  28  2:38  Probe (Chrono Boost)  
  28  2:42  Adept  
  32  2:47  Probe x2 (Chrono Boost)  
  33  2:51  Void Ray (Chrono Boost)  
  33  2:52  Probe (Chrono Boost)  
  33  2:54  Probe  
  35  3:04  Probe  
  40  3:06  Probe  
  40  3:07  Pylon  
  41  3:13  Gateway  
  41  3:16  Probe  
  41  3:18  Probe  
  43  3:24  Oracle (Chrono Boost)  
  46  3:28  Probe  
  46  3:30  Probe  
  48  3:41  Probe  
  49  3:42  Probe  
  49  3:46  Nexus  
  50  3:50  Pylon  
  50  3:53  Probe  
  50  3:54  Probe  
  52  3:56  Assimilator  
  52  4:00  Assimilator  
  52  4:04  Stargate  
  52  4:06  Probe  
  52  4:09  Probe  
  54  4:23  Probe  
  55  4:24  Void Ray (Chrono Boost)  
  55  4:28  Probe  
  55  4:30  Pylon  
  55  4:31  Pylon  
  61  4:38  Probe  
  61  4:41  Probe  
  62  4:49  Twilight Council, Forge  
  62  4:50  Probe, Void Ray (Chrono Boost)  
  63  4:53  Probe  
  63  4:59  Void Ray (Chrono Boost)  
  68  5:02  Probe  
  68  5:05  Shield Battery  
  73  5:13  Probe  
  74  5:15  Shield Battery  
  74  5:17  Pylon  
  74  5:18  Void Ray (Chrono Boost)  
  74  5:23  Photon Cannon, Pylon, Void Ray (Chrono Boost)  
  74  5:25  Photon Cannon  
  82  5:37  Photon Cannon  
  82  5:40  Shield Battery  
  82  5:46  Zealot  
  82  5:48  Void Ray (Chrono Boost)  
  84  5:52  Shield Battery  
  84  5:54  Void Ray (Chrono Boost), Pylon  
  92  6:12  Zealot  
  92  6:13  Zealot  
  96  6:25  Void Ray x2 (Chrono Boost)  
  104  6:39  Zealot x2  
  96  6:55  Gateway  
  96  6:57  Gateway  
  96  6:59  Void Ray  
  96  7:00  Void Ray  
  96  7:01  Gateway x2  
  102  7:11  Zealot  
  102  7:12  Zealot  
  102  7:17  Probe  
  87  7:39  Void Ray  
  87  7:40  Void Ray  
  71  7:58  Pylon  
  71  8:05  Pylon  
  71  8:06  Pylon  
  71  8:07  Pylon  
  71  8:09  Pylon  
  69  8:17  Zealot  
  69  8:18  Zealot x4  
  75  8:23  Pylon  
  75  8:24  Pylon  
  75  8:26  Shield Battery, Pylon, Photon Cannon  
  81  8:28  Pylon  
  81  8:31  Pylon  
  73  8:34  Zealot  
  71  8:41  Zealot x2  
Tags
 
Add a new tag
Caveats
  • Supply blocks, unpowered buildings, or Contaminate may cause inaccurate times.
  • Supply counts are checked every 10 seconds.